 Dungeon Crawl Stone Soup version 0.21.1-68-g103a7af (webtiles) character file.

10816 goulibeur the Envoy of Void (level 11, -2/87 HPs)
             Began as a Demonspawn Abyssal Knight on Aug 1, 2018.
             Was a High Priest of Lugonu.
             Shot with an arrow by something (13 damage)
             ... on level 10 of the Dungeon on Aug 2, 2018.
             The game lasted 00:44:36 (13082 turns).

goulibeur the Envoy of Void (DsAK)                 Turns: 13082, Time: 00:44:37

Health: -2/87      AC: 17    Str: 13    XL:     11   Next: 41%
Magic:  0/29       EV: 13    Int: 14    God:    Lugonu [*****.]
Gold:   318        SH: 10    Dex: 20    Spells: 10/10 levels left

rFire    . . .     SeeInvis .   t - +1 spear (pierce)
rCold    . . .     Gourm    .   u - +0 shield
rNeg     + + .     Faith    .   B - +4 ring mail "Yfonk" {-Cast rF+ MR+ Dex+3}
rPois    .         Spirit   +   H - +1 helmet
rElec    .         Reflect  .   K - +2 cloak of the Republic {rF- rN++ Dex+2}
rCorr    .         Harm     .   w - +0 pair of gloves
MR       +....     NoCast   +   (no boots)
Stlth    ++........             (no amulet)
HPRegen  0.24/turn              m - ring of magical power
MPRegen  0.21/turn              l - ring of stealth

@: about to teleport, hasted, very quick
A: claws 1, hooves 1, spiny 2, magic shield
a: Depart the Abyss, Bend Space, Banish, Corrupt, Enter the Abyss, Renounce
Religion


You were on level 10 of the Dungeon.
You worshipped Lugonu.
Lugonu was extremely pleased with you.
You were very hungry.

You visited 1 branch of the dungeon, and saw 10 of its levels.
You visited the Abyss 1 time.

You collected 603 gold pieces.
You spent 285 gold pieces at shops.

Inventory:

Hand Weapons
 t - a +1 spear of piercing (weapon)
Armour
 b - a +0 cloak
 u - a +0 shield (worn)
 w - a +0 pair of gloves (worn)
 B - the +4 ring mail "Yfonk" (worn) {-Cast rF+ MR+ Dex+3}
   (You found it on level 4 of the Dungeon)

   It affects your dexterity (+3).
   It protects you from fire.
   It affects your resistance to hostile enchantments.
   It prevents spellcasting.
 G - a +0 plate armour
 H - a +1 helmet (worn)
 K - the +2 cloak of the Republic (worn) {rF- rN++ Dex+2}
   (You bought it in a shop on level 9 of the Dungeon)

   It affects your dexterity (+2).
   It makes you vulnerable to fire.
   It greatly protects you from negative energy.
 S - the +2 cloak "Jioloz" {rCorr Int+6 Slay-2}
   (You found it on level 10 of the Dungeon)

   It affects your intelligence (+6).
   It affects your accuracy and damage with ranged weapons and melee attacks
   (-2).
   It protects you from acid and corrosion.
Jewellery
 f - an uncursed ring of ice
 l - a ring of stealth (right hand)
 m - a ring of magical power (left hand)
 Q - an uncursed amulet of guardian spirit
Wands
 I - a wand of enslavement (14)
 J - a wand of digging (8)
 L - a wand of polymorph (21)
 M - a wand of scattershot (6)
 N - a wand of acid (10)
 P - a wand of flame (26)
Scrolls
 a - 4 scrolls of magic mapping
 k - 3 scrolls of teleportation
 n - a scroll of noise {unknown}
 p - a scroll of identify
 r - 2 scrolls of blinking {unknown}
 x - a scroll of enchant armour {unknown}
 y - a scroll of fog
 z - a scroll of summoning {unknown}
 A - 2 scrolls of remove curse
 R - a scroll of enchant weapon
Potions
 d - 3 potions of curing
 e - 2 potions of heal wounds {unknown}
 g - 5 potions of haste
 h - 2 potions of might {unknown}
 i - 2 potions of ambrosia {unknown}
 j - 5 potions of flight {unknown}
 o - 3 potions of mutation {unknown}
 s - 5 potions of degeneration {unknown}
 v - 4 potions of lignification {unknown}
 D - 2 potions of magic {unknown}
 E - a potion of cancellation {unknown}
 F - 2 potions of berserk rage {unknown}
Books
 q - a book of Misfortune

   Spells                             Type                      Level
   a - Confusing Touch                Hexes                        1
   b - Confuse                        Hexes                        3
   c - Gell's Gravitas                Translocation                3
   d - Petrify                        Transmutation/Earth          4
   e - Metabolic Englaciation         Hexes/Ice                    5
   f - Yara's Violent Unravelling     Hexes/Transmutation          5
Comestibles
 c - 23 rations


   Skills:
 + Level 8.3 Fighting
   Level 1.7 Short Blades
 - Level 0.1 Polearms
 + Level 7.3 Armour
 + Level 6.7 Dodging
 - Level 0.5 Stealth
 + Level 6.3 Shields
 * Level 13.2 Invocations


You had 10 spell levels left.
You didn't know any spells.

Dungeon Overview and Level Annotations

Branches:
Dungeon (10/15)            Temple (0/1) D:6            Lair (0/6) D:10
    Orc: D:9-12

Altars:
Cheibriados
Fedhas
Gozag
Trog
Xom
Zin
The Shining One
Lugonu

Shops:
D:9 [


Innate Abilities, Weirdness & Mutations

You have sharp fingernails.
You have large cloven feet.
You are mostly covered in sharp spines.
When hurt, damage is shared between your health and your magic reserves.


Message History

You hear a twanging sound.
An arrow appears from out of thin air!
The arrow hits you.
* * * LOW HITPOINT WARNING * * *
You see here an arrow.
You hear a twanging sound.
An arrow appears from out of thin air!
The arrow hits you but does no damage.
There is an open door here.
You see here an arrow.
You feel better. Space bends sharply around you!
You blink.
As you read the scroll labeled OMIEKU OCZI, it crumbles to dust.
It is a scroll of amnesia.
You feel forgetful for a moment.
Okay, then.
As you read the scroll of teleportation, it crumbles to dust.
You feel strangely unstable. Space bends around you!
You blink.
You hear a twanging sound.
An arrow appears from out of thin air!
The arrow hits you!
You die...

#[#######################.#
##....(o(((((..............#
#%....#######(#######......#
#.....#...ยง.........#......#
+.#...#.............#..###.#
#.#...#.............#..# #.#
#.#...#.............#..# #.#
#.....#######.......#..###.#
####### #..@....#......#
............#......#
............#......#
............#......#
...##########......# ..
............# . ............#
............# #+###......(#


There were no monsters in sight!

Vanquished Creatures
  Erica (D:10)
  Pikel (D:6)
  A komodo dragon (D:10)
  2 kobold demonologists (D:10)
  3 trolls
  A hippogriff (D:10)
  5 yaks (D:8)
  2 water moccasins
  Duvessa (D:5)
  4 sky beasts
  A slave (D:6)
  4 orc warriors
  3 ice beasts
  A necrophage (D:7)
  3 phantoms
  A black bear (D:9)
  4 centaurs
  10 ogres
  A crocodile (D:9)
  2 big kobolds
  7 bullfrogs
  A gnoll sergeant (D:6)
  Dowan (D:5)
  A water moccasin zombie (D:5)
  3 scorpions
  7 killer bees
  2 crimson imps
  2 centaur zombies
  2 quasits (D:9)
  9 hounds
  7 jellies
  A centaur skeleton (D:10)
  4 orc priests
  4 orc wizards
  Jessica (D:3)
  Natasha (thrice) (D:3)
  2 iguanas
  4 worker ants
  A killer bee zombie (D:8)
  A hound zombie (D:9)
  8 hound skeletons
  Robin (D:4)
  14 adders
  9 gnolls
  A shadow imp (D:8)
  6 oozes
  An adder skeleton (D:5)
  An adder zombie (D:5)
  4 worms
  4 dart slugs
  4 leopard geckos
  34 orcs
  5 giant cockroaches
  7 hobgoblins
  9 jackals
  4 quokkas
  6 bats
  8 frilled lizards
  18 goblins
  A jackal skeleton (D:5)
  13 kobolds
  A quokka skeleton (D:5)
  2 quokka zombies
  4 rats
  A bush (D:2)
280 creatures vanquished.

Vanquished Creatures (others)
  2 two-headed ogres
  The ghost of zapotec the Cleaver, a novice HOBe of Beogh (D:6)
  A kobold demonologist (D:10)
  An orc warrior (D:9)
  2 hounds (D:6)
  4 plants
11 creatures vanquished.

Grand Total: 291 creatures vanquished

Notes
Turn   | Place    | Note
-------+----------+-------------------------------------------
     0 | Abyss:1  | goulibeur the Demonspawn Abyssal Knight began the quest for the Orb.
     0 | Abyss:1  | Reached XP level 1. HP: 18/18 MP: 2/2
    45 | Abyss:1  | Noticed a thrashing horror
    45 | D:1      | Escaped the Abyss
   321 | D:1      | Reached * piety under Lugonu
   500 | D:1      | Gained mutation: You have large cloven feet. [demonic ancestry]
   500 | D:1      | Reached XP level 2. HP: 24/24 MP: 4/4
   669 | D:1      | Reached skill level 1 in Dodging
  1306 | D:2      | Gained mutation: You are partially covered in sharp spines. [demonic ancestry]
  1306 | D:2      | Reached XP level 3. HP: 21/29 MP: 5/5
  1549 | D:2      | Noticed an ogre
  1980 | D:2      | Reached skill level 3 in Invocations
  2148 | D:2      | HP: 1/30 [poisoned by an adder]
  2443 | D:2      | Found a shimmering altar of Xom.
  2665 | D:2      | Reached XP level 4. HP: 37/37 MP: 6/6
  2735 | D:2      | Killed an ogre
  2735 | D:2      | Gained mutation: You have sharp fingernails. [demonic ancestry]
  2735 | D:2      | Reached XP level 5. HP: 30/42 MP: 7/7
  3214 | D:3      | Reached ** piety under Lugonu
  3371 | D:3      | Reached skill level 4 in Invocations
  3497 | D:3      | Noticed Natasha
  3507 | D:3      | Killed Natasha
  3711 | D:3      | Found a snail-covered altar of Cheibriados.
  3711 | D:3      | Found a bloodstained altar of Trog.
  3788 | D:3      | Noticed Natasha
  3803 | D:3      | Reached XP level 6. HP: 40/49 MP: 9/9
  3923 | D:3      | Killed Natasha
  3923 | D:3      | Reached skill level 1 in Shields
  4196 | D:3      | Noticed Natasha
  4200 | D:3      | Noticed Jessica
  4201 | D:3      | Killed Natasha
  4219 | D:3      | Killed Jessica
  4236 | D:3      | Reached skill level 5 in Invocations
  4304 | D:4      | Gained mutation: When hurt, damage is shared between your health and your magic reserves. [demonic ancestry]
  4304 | D:4      | Reached XP level 7. HP: 6/55 MP: 9/11
  4575 | D:4      | Noticed Robin
  4622 | D:4      | Reached *** piety under Lugonu
  4630 | D:4      | Killed Robin
  4699 | D:4      | Got a twisted ring mail
  4720 | D:4      | Identified the +4 ring mail "Yfonk" {-Cast rF+ MR+ Dex+3} (You found it on level 4 of the Dungeon)
  4748 | D:4      | Reached skill level 5 in Fighting
  4748 | D:4      | Reached skill level 6 in Invocations
  5173 | D:4      | Found an opulent altar of Gozag.
  5232 | D:5      | Entered Level 5 of the Dungeon
  5309 | D:5      | Gained mutation: You are mostly covered in sharp spines. [demonic ancestry]
  5309 | D:5      | Reached XP level 8. HP: 62/62 MP: 13/13
  5332 | D:5      | Reached skill level 7 in Invocations
  5341 | D:5      | Found a glowing golden altar of the Shining One.
  5755 | D:5      | Noticed Duvessa
  5755 | D:5      | Noticed Dowan
  5780 | D:5      | Killed Duvessa
  5782 | D:5      | Reached skill level 8 in Invocations
  5786 | D:5      | Killed Dowan
  6223 | D:6      | Reached skill level 5 in Armour
  6236 | D:6      | Found a staircase to the Ecumenical Temple.
  6274 | D:6      | Noticed Pikel
  6295 | D:6      | Killed Pikel
  6295 | D:6      | Reached **** piety under Lugonu
  6295 | D:6      | Reached skill level 9 in Invocations
  6295 | D:6      | Reached XP level 9. HP: 50/69 MP: 15/15
  6863 | D:6      | Noticed zapotec's ghost (novice HOBe)
  6872 | D:6      | Banished zapotec's ghost
  7266 | D:6      | Found a glowing silver altar of Zin.
  7370 | D:6      | Reached skill level 10 in Invocations
  7657 | D:7      | Reached skill level 5 in Dodging
  7999 | D:7      | Found a blossoming altar of Fedhas.
  8205 | D:8      | Reached XP level 10. HP: 77/77 MP: 18/18
  8319 | D:8      | Reached skill level 11 in Invocations
  8444 | D:8      | Reached skill level 5 in Shields
  8926 | D:8      | Noticed a two-headed ogre
  9282 | D:8      | Banished a two-headed ogre
 10251 | D:9      | Reached skill level 12 in Invocations
 10805 | D:9      | Reached ***** piety under Lugonu
 11423 | D:9      | Found Adepuyhy's Antique Armour Boutique.
 11430 | D:9      | Bought a heavily runed cloak for 285 gold pieces
 11440 | D:9      | Identified the +2 cloak of the Republic {rF- rN++ Dex+2} (You bought it in a shop on level 9 of the Dungeon)
 11591 | D:9      | Reached XP level 11. HP: 63/86 MP: 20/20
 11927 | D:10     | Entered Level 10 of the Dungeon
 11958 | D:10     | Noticed a sixfirhy
 11959 | D:10     | Found a corrupted altar of Lugonu.
 12488 | D:10     | Found a staircase to the Lair.
 12496 | D:10     | Noticed Erica
 12511 | D:10     | Killed Erica
 12520 | D:10     | Reached skill level 13 in Invocations
 12709 | D:10     | Got a spiked cloak
 12720 | D:10     | Identified the +2 cloak "Jioloz" {rCorr Int+6 Slay-2} (You found it on level 10 of the Dungeon)
 12809 | D:10     | Noticed a two-headed ogre
 12821 | D:10     | Banished a two-headed ogre
 13053 | D:10     | Noticed a deep elf knight
 13074 | D:10     | HP: 4/87 [something (4)]
 13082 | D:10     | Shot with an arrow by something

Skill      XL: |  1  2  3  4  5  6  7  8  9 10 11 |
---------------+----------------------------------+-----
Dodging        | 1 2 3 4 5 6 |  6.7
Armour         | 2 3 4 5 6 7 |  7.3
Invocations    | 3 4 5 6 9 10 12 13 | 13.2
Fighting       | 4 5 6 7 8 |  8.3
Shields        | 1 2 3 4 5 6 |  6.3
Short Blades   | |  1.7
Polearms       | |  0.1
Stealth        | |  0.5

Action                   |  1- 3 |  4- 6 |  7- 9 | 10-12 || total
-------------------------+-------+-------+-------+-------++-------
Melee: Short sword       |   101 |     6 |       |       ||   107
       Kick              |    28 |    75 |   116 |   189 ||   408
       Spear             |       |   202 |   339 |   494 ||  1035
Invok: Depart the Abyss  |     1 |       |       |       ||     1
       Banish            |       |       |     2 |     8 ||    10
       Bend Space        |       |       |       |     2 ||     2
  Use: Potion            |     1 |       |       |     3 ||     4
       Scroll            |       |       |     7 |     3 ||    10
 Stab: Sleeping          |       |       |     7 |     2 ||     9
  Eat: Chunk             |     5 |     6 |    13 |    11 ||    35
       Ration            |       |       |       |     2 ||     2
Armor: Leather armour    |     3 |       |       |       ||     3
       Ring mail         |    36 |       |   103 |   160 ||   299
       Scale mail        |     4 |    26 |    18 |       ||    48
Dodge: Dodged            |    56 |    29 |   117 |   262 ||   464
Block: Shield            |       |    31 |   147 |   347 ||   525
